cohdb
Replays
Latest Replays
All Replays
Popular Replays
Top Player Replays
Match Explorer
How It Works
Community
CoH3 Stats
Reddit
Sign in to upload your games and track your stats! →
Sign in with Steam
Match 25240399
Unlisted
Match 25240399
Overview
Messages
Build Orders
End
Selects Airborne Battlegroup
Selects Pathfinders
Construct Barracks
Riflemen Squad
Riflemen Squad
Construct Weapon Support Center
Grenade Package
Riflemen Squad
Selects Paratrooper Squad Paradrop
Paratrooper Squad Paradrop
Infantry Support Center
M1918 Browning Automatic Rifles
Munitions Surplus
M3 Armored Personnel Carrier
Selects Anti-tank Gun Team Paradrop
Construct Tank Depot
Selects Smoke Bombing Run
Selects Supply Drop
M4(105) Sherman Bulldozer
Survival Training
Engineer Squad
Selects Carpet Bombing Run
Carpet Bombing Run
M4(105) Sherman Bulldozer
Improved M9 Bazooka Rockets
M4(105) Sherman Bulldozer
Carpet Bombing Run
Smoke Bombing Run
Buti
Eber
LuiSBa
Papa Chulo
Medness94
Vodkaster
0
0
Comments
sign in to comment!
No comments posted yet!